 Dungeon Crawl Stone Soup version 0.22-a0-525-gf69a080 (webtiles) character file.

14 kae the Firebug (level 2, 0/16 HPs)
             Began as a Tengu Fire Elementalist on June 20, 2018.
             Slain by a rat (2 damage)
             ... on level 1 of the Dungeon.
             The game lasted 00:00:34 (503 turns).

kae the Firebug (Tengu Fire Elementalist)            Turns: 503, Time: 00:00:35

Health: 0/16       AC:  2    Str:  8    XL:     2   Next: 41%
Magic:  0/6        EV: 12    Int: 15    God:
Gold:   53         SH:  0    Dex: 14    Spells: 2/5 levels left

rFire    . . .     SeeInvis .   (no weapon)
rCold    . . .     Gourm    .   (no shield)
rNeg     . . .     Faith    .   a - +0 robe
rPois    .         Spirit   .   (helmet restricted)
rElec    .         Reflect  .   (no cloak)
rCorr    .         Harm     .   (no gloves)
MR       .....                  (boots unavailable)
Stlth    ++........             (no amulet)
HPRegen  0.05/turn              (no ring)
MPRegen  0.10/turn              (no ring)

@: no status effects
A: beak, talons 3
a: no special abilities


You were on level 1 of the Dungeon.
You were not hungry.

You visited 1 branch of the dungeon, and saw 1 of its levels.

You collected 53 gold pieces.

Inventory:

Armour
 a - a +0 robe (worn)
Scrolls
 b - 2 scrolls of enchant weapon {unknown}
 d - a scroll of remove curse {unknown}
Comestibles
 c - 2 rations


   Skills:
 + Level 0.5 Fighting
 - Level 2.1 Dodging
 - Level 2.0 Stealth
 + Level 2.1 Spellcasting
 + Level 2.0 Conjurations
 * Level 3.6 Fire Magic


You had 2 spell levels left.
You knew the following spells:

 Your Spells              Type           Power        Failure   Level  Hunger
a - Flame Tongue          Conj/Fire      ##...        7%          1    #......
b - Throw Flame           Conj/Fire      ##....       11%         2    ###....

Your spell library contained the following spells:

 Spells                   Type           Power        Failure   Level  Hunger
 Fireball                 Conj/Fire      ##........   88%         5    ######.
 Conjure Flame            Conj/Fire      ##......     21%         3    ###....
 Sticky Flame             Conj/Fire      ##......     56%         4    #####..
 Inner Flame              Hex/Fire       #.......     30%         3    ###....


Dungeon Overview and Level Annotations

Branches:
Dungeon (1/15)

Altars:


Innate Abilities, Weirdness & Mutations

You have a beak for a mouth.
You have claws for feet.


Message History

Aiming: Flame Tongue (safe; 7% risk of failure)
Press: ? - help, Shift-Dir - straight line, f/p - hobgoblin
Aim: a hobgoblin (moderately wounded)
The flame tongue hits the hobgoblin.
You kill the hobgoblin!
Your Conjurations skill increases to level 2!
The rat barely misses you.
Casting: Flame Tongue (safe; 7% risk of failure)
Confirm with . or Enter, or press ? or * to list all spells.
Aiming: Flame Tongue (safe; 7% risk of failure)
Press: ? - help, Shift-Dir - straight line, f - rat
Aim: a rat The flame tongue hits the rat.
The rat appears unharmed.
The rat completely misses you.
Casting: Flame Tongue (safe; 7% risk of failure)
Confirm with . or Enter, or press ? or * to list all spells.
You don't have enough magic to cast that spell.
Found a stone staircase leading down.
The rat bites you.
You die...

#.#....#####.#.#####.##.
##......# #..........
........# #..####..#
........# #..#...
........# #..#.##..##
........#.#####.......?..
###.....#..........##..##
≈≈P.....#.#####r#####..#
≈P.#..#.# #.@......#
P.......# #..........
........# #.......###
........# #.......#
...##.#.#####.#.......#
...##.........#.......#
....#.#.#####.#.......#
.....†..# #......>.
...#....#


You could see a rat.

Vanquished Creatures
  4 bats (D:1)
  A giant cockroach (D:1)
  A goblin (D:1)
  2 hobgoblins (D:1)
  2 frilled lizards (D:1)
  3 kobolds (D:1)
13 creatures vanquished.

Notes
Turn   | Place    | Note
-------+----------+-------------------------------------------
     0 | D:1      | kae the Tengu Fire Elementalist began the quest for the Orb.
     0 | D:1      | Reached XP level 1. HP: 10/10 MP: 4/4
   318 | D:1      | Reached XP level 2. HP: 16/16 MP: 3/6
   363 | D:1      | Learned a level 2 spell: Throw Flame
   503 | D:1      | Slain by a rat

Vault maps used:
D:1:      eino_arrival_druids_welcome, roderic_lattice_a, columned_hall_lemuel,
          minmay_misc_feat_roman

Skill      XL: |  1  2 |
---------------+-------+-----
Conjurations   | 2 |  2.0
Fighting       | |  0.5
Dodging        | |  2.1
Stealth        | |  2.0
Spellcasting   | |  2.1
Fire Magic     | |  3.6

Action                   || total
-------------------------++-------
Melee: Unarmed           ||    10
       Kick              ||     4
       Peck              ||     1
 Cast: Flame Tongue      ||    26
 Stab: Sleeping          ||     1
Armor: Robe              ||     5
Dodge: Dodged            ||    15

Table legend:
 A = Spawn XP
 B = Non-spawn XP
 C = Spawn XP percentage of total XP
 D = Spawn monster count
 E = Non-spawn monster count
 F = Spawn count percentage of total count
 G = Total turns spent on level
                    A         B        C        D         E        F      G
               +---------+---------+-------+---------+---------+-------+---------
         Total |       0 |      20 |   0.0 |       0 |      13 |   0.0 |   503
               +---------+---------+-------+---------+---------+-------+---------
           D:1 |       0 |      20 |   0.0 |       0 |      13 |   0.0 |   503
               +---------+---------+-------+---------+---------+-------+---------
